 Dungeon Crawl Stone Soup version 0.26.1-15-g04117e645d (webtiles) character file.

Game seed: 4177196590571428945

4 Froggeryz the Conjurer (level 1, -1/11 HPs)
             Began as an Octopode Conjurer on Aug 30, 2022.
             Slain by a leopard gecko (3 damage)
             ... on level 1 of the Dungeon.
             The game lasted 00:00:30 (175 turns).

Froggeryz the Conjurer (Octopode Conjurer)           Turns: 175, Time: 00:00:30

Health: -1/11      AC:  1    Str:  6    XL:     1   Next: 70%
Magic:  0/3        EV: 13    Int: 20    God:
Gold:   13         SH:  0    Dex: 10    Spells: 3/4 levels left

rFire    . . .     SeeInvis .   (no weapon)
rCold    . . .     Faith    .   (no shield)
rNeg     . . .     Spirit   .   (helmet restricted)
rPois    .         Reflect  .   (no amulet)
rElec    .         Harm     .   (no ring)
rCorr    .         Rampage  .   (no ring)
Will     .....                  (no ring)
Stlth    +++.......             (no ring)
HPRegen  0.03/turn              (no ring)
MPRegen  0.08/turn              (no ring)
                                (no ring)
                                (no ring)

@: no status effects
A: almost no armour, stealthy swim, amphibious, 8 rings, constrict 8, camouflage
1, gelatinous body 1
a: no special abilities


You were on level 1 of the Dungeon.
You visited 1 branch of the dungeon, and saw 1 of its levels.

You collected 13 gold pieces.

Inventory:

Jewellery
 a - an uncursed amulet of faith {unknown}


   Skills:
 - Level 2.0 Dodging
 - Level 2.6 Stealth
 + Level 2.1 Spellcasting
 * Level 4.1 Conjurations


You had 3 spell levels left.
You knew the following spells:

 Your Spells              Type           Power        Failure   Level
a - Magic Dart            Conj           72%          2%          1

Your spell library contained the following spells:

 Spells                   Type           Power        Failure   Level
 Searing Ray              Conj           36%          4%          2
 Dazzling Flash           Conj/Hex       20%          21%         3
 Fulminant Prism          Conj/Hex       5%           54%         4
 Iskenderun's Mystic Bla  Conj/Tloc      10%          54%         4


Dungeon Overview and Level Annotations

Branches:
Dungeon (1/15)

Altars:


Innate Abilities, Weirdness & Mutations

You cannot wear most types of armour.
You are very stealthy in the water. (Stealth+)
You are amphibious.
You can wear up to eight rings at the same time.
You can use your tentacles to constrict eight enemies at once.
Your skin changes colour to match your surroundings (Stealth+).
Your rubbery body absorbs attacks. (AC +1, EV +1)


Message History

Aim: a leopard gecko (severely wounded, 0% to evade)
The magic dart hits the leopard gecko.
The leopard gecko is almost dead.
The leopard gecko closely misses you.
You barely miss the leopard gecko. Your grab misses the leopard gecko.
The leopard gecko is almost dead.
The leopard gecko closely misses you.
You miss the leopard gecko. Your grab misses the leopard gecko.
The leopard gecko is almost dead.
The leopard gecko bites you.
You completely miss the leopard gecko. Your grab misses the leopard gecko.
The leopard gecko is almost dead.
The leopard gecko bites you. The leopard gecko bites you.
* * * LOW HITPOINT WARNING * * *
Casting: Magic Dart (safe; 2% risk of failure)
Confirm with . or Enter, or press ? or * to list all spells.
You don't have enough magic to cast that spell.
The leopard gecko bites you.
You die...

# ..#. .#... #. .... ...g .###
... ... ... #.. ..). .. #..
#.#. ######.## #.. #.#.
......$.# #.###.##
#.##############.....##
##....l@........##.##.##
##........≈..........#.##
###.....#...≈...#..........
...#....≈...#..≈..#...≈.....##
....(....≈..#..≈..#..≈........
...##.....≈..#.≈.#..≈.......##
. #..#...≈.#.≈.#.≈...#....#
#...##..≈.#.#.≈..##.....#
#.....##.≈...≈.##.......##


You could see a leopard gecko.

Vanquished Creatures
  2 hobgoblins (D:1)
  A kobold (D:1)
  A frilled lizard (D:1)
4 creatures vanquished.

Notes
Turn   | Place    | Note
-------+----------+-------------------------------------------
     0 | D:1      | Froggeryz the Octopode Conjurer began the quest for the
                  | Orb.
     0 | D:1      | Reached XP level 1. HP: 11/11 MP: 3/3
   175 | D:1      | Slain by a leopard gecko

Illustrated notes

Levels and vault maps discovered:
D:1:      minmay_arrival_radiant_lines, layout_basic, serial_rivers,
          chequers_serial_rivers_small_3, chequers_serial_rivers_micro_d,
          chequers_serial_rivers_micro_a, chequers_serial_rivers_micro_e,
          minmay_indecisive_spiral

Action                   || total
-------------------------++-------
Melee: Unarmed           ||     3
 Cast: Magic Dart        ||    11
Dodge: Dodged            ||     2
